[Event "*** Titled Tuesday Blitz"]
[Site "Chess.com"]
[Date "2021.04.20"]
[Round "5"]
[White "GoltsevDmitry2000"]
[Black "Oleksandr_Bortnyk"]
[Result "0-1"]
[WhiteElo "2741"]
[BlackElo "2948"]
[TimeControl "180+1"]
[EndTime "10:55:06 PDT"]
[Termination "Oleksandr_Bortnyk won by resignation"]

1. e4 Nf6 2. e5 Nd5 3. d4 d6 4. c4 Nb6 5. exd6 exd6 6. Nc3 Be7 7.
Bd3 Nc6 8. Nge2 Bg4 9. f3 Bh4+ 10. g3 Bxf3 11. O-O Bxe2 12. Qxe2+ Be7 13. Qh5 g6 14. Qh6 Qd7 15. Qg7 O-O-O 16. Rxf7 Rdg8 17. Qh6 Qe6 18. Bf5 Qxf5 19. Rxf5 gxf5 20. Qe6+ Nd7 21.
d5 Rg6 22. Qf7 Rf8 23. Qxh7 Nce5 24. Qxe7 Rg4 25. Bf4 Ng6 26. Qe3 Nxf4 27. Qxa7 Nh3+ 28. Kg2 Nf4+ 29. Kh1 Nh5 30. Nb5 Nxg3+ 31. hxg3 Rxg3 32. Qd4 Nf6 33. Qh4 Rg7 34. Rf1 Rh7 35. Qxh7 Nxh7 36. Nd4 Nf6 37. Rxf5 Rh8+ 38. Kg2 Ng4 39. Rf7 Ne5 40.
Rg7 Nxc4 41. Kf2 Nb6 42. Rg5 Rh2+ 43. Ke3 Rxb2 44. Ne6 c6 45. Rg8+ Kd7 46. Rg7+ Ke8 47. Rxb7 Nxd5+ 48. Kd4 Rxb7 49. a4 Rb4+ 0-1

[Event "*** Titled Tuesday Blitz"]
[Site "Chess.com"]
[Date "2021.04.20"]
[Round "5"]
[White "Ze-Pequeno"]
[Black "Valeron87"]
[Result "1-0"]
[WhiteElo "2251"]
[BlackElo "2379"]
[TimeControl "180+1"]
[EndTime "10:55:06 PDT"]
[Termination "Ze-Pequeno won on time"]

1. e4 c5 2. Nf3 Nc6 3. d4 cxd4 4. Nxd4 Nf6 5. Nc3 e5 6. Ndb5 d6 7. Bg5 a6 8. Na3 b5 9. Bxf6 gxf6 10. Nd5 Bg7 11.
c3 Ne7 12. Nxe7 Qxe7 13. Nc2 Bb7 14. Qf3 d5 15. exd5 e4 16. Qf5 Rd8 17. Ne3 Qe5 18.
Qxe5+ fxe5 19. Rd1 Bh6 20. Nf5 Bf8 21. a4 Bc8 22.
Ne3 bxa4 23. Nc4 Bb7 24. Nb6 a3 25. bxa3 Bxa3 26. Bc4 Bc5 27. Na4 Bd6 28. Ke2 f5 29.
Rb1 Rb8 30. Ba2 Ke7 31. c4 Rhc8 32. Rhc1 a5 33. c5 Ba6+ 34. Kd2 Bc7 35. d6+ Bxd6 36.
cxd6+ Kxd6 37. Rxc8 Rxc8 38. Rb6+ Rc6 39. Rxc6+ Kxc6 40.
Kc3 Bf1 41. g3 f4 42. Bc4 Bg2 43. Nb2 1-0

[Event "*** Titled Tuesday Blitz"]
[Site "Chess.com"]
[Date "2021.04.20"]
[Round "5"]
[White "kreonx"]
[Black "WinstonSilvakov"]
[Result "1-0"]
[WhiteElo "2302"]
[BlackElo "2082"]
[TimeControl "180+1"]
[EndTime "10:55:06 PDT"]
[Termination "kreonx won by resignation"]

1. e4 Nf6 2. e5 Nd5 3. Nc3 Nxc3 4.
dxc3 d5 5. f4 c5 6. Be3 Nc6 7.
Bxc5 e6 8. Bxf8 Kxf8 9. Nf3 Qb6 10. b3 Qe3+ 11. Be2 Qxc3+ 12. Kf1 Ke7 13. g3 b6 14.
Kg2 Bb7 15. Qd2 Qxd2 16. Nxd2 Nb4 17. Rhc1 Rac8 18. c4 dxc4+ 19. Bf3 Bxf3+ 20. Kxf3 cxb3 21. axb3 a5 22. Nc4 Nd5 23. b4 Ra8 24. bxa5 bxa5 25. Nxa5 Rhc8 26. Rxc8 Rxc8 27. Ra3 Rc3+ 28. Rxc3 Nxc3 29.
Nc6+ Kd7 30. Nd4 f6 31. exf6 gxf6 32. g4 Ke7 33. h4 Nd5 34. Ke4 Kf7 35. f5 Nc7 36.
fxe6+ Nxe6 37. Nxe6 Kxe6 38. Kf4 h6 39. Ke4 Ke7 40. Kf5 Kf7 41. h5 Kg7 42. Ke6 f5 43.
gxf5 Kf8 44. Kf6 Kg8 45. Ke7 Kh8 46. f6 Kg8 47. f7+ Kh7 48. Ke8 1-0

[Event "*** Titled Tuesday Blitz"]
[Site "Chess.com"]
[Date "2021.04.20"]
[Round "5"]
[White "SirStrateg"]
[Black "GMSrinath"]
[Result "1-0"]
[WhiteElo "2627"]
[BlackElo "2841"]
[TimeControl "180+1"]
[EndTime "10:55:07 PDT"]
[Termination "SirStrateg won by resignation"]

1. d4 Nf6 2. Bf4 e6 3. e3 c5 4. c3 b6 5. a4 a6 6. Nd2 Bb7 7. Ngf3 Be7 8. Bd3 O-O 9. O-O d6 10. Qe2 Nbd7 11. e4 h6 12. h3 Re8 13. e5 dxe5 14.
dxe5 Nd5 15. Bg3 Nf8 16. Rfd1 Ng6 17. Bxg6 fxg6 18. Ne4 Qc8 19. Nd6 Bxd6 20. exd6 c4 21. Ne5 Rd8 22. d7 Rxd7 23. Nxd7 Qxd7 24. Qxc4 Qf7 25.
Rd3 Rc8 26. Qd4 b5 27. axb5 axb5 28. Rf3 Qe8 29. Ra7 Qc6 30. Be5 Ne7 31. Bxg7 Nf5 32. Qf6 Qb6 33. Rxf5 gxf5 34. Bxh6 Rc7 35. Qg6+ Kh8 36. Ra1 Qc6 37. Bf4 Rg7 38. Be5 Qxg2+ 39.
Qxg2 Bxg2 40. Bxg7+ Kh7 41. Kxg2 Kxg7 42. Ra5 1-0

[Event "*** Titled Tuesday Blitz"]
[Site "Chess.com"]
[Date "2021.04.20"]
[Round "5"]
[White "zmeeed67"]
[Black "GregShahade"]
[Result "0-1"]
[WhiteElo "2502"]
[BlackElo "2713"]
[TimeControl "180+1"]
[EndTime "10:55:07 PDT"]
[Termination "GregShahade won by checkmate"]

1. d4 Nf6 2. c4 g6 3. Nc3 d5 4. Bf4 Bg7 5. e3 c5 6. dxc5 Qa5 7. Rc1 dxc4 8. Bxc4 O-O 9. Nf3 Nbd7 10. c6 Nb6 11. Bb3 bxc6 12. O-O Ba6 13. Re1 Rad8 14. Nd4 e5 15.
Bxe5 Qxe5 16. Nxc6 Rxd1 17. Nxe5 Rxe1+ 18. Rxe1 Nfd7 19. Nc6 Bc4 20. Rd1 Bxb3 21. axb3 a6 22. f4 Bf6 23.
Kf2 Rc8 24. Nb4 Bxc3 25. bxc3 Rxc3 26. Nxa6 Rxb3 27. g4 Kg7 28. g5 Rb2+ 29. Kf3 Rxh2 30. Nc7 h5 31. gxh6+ Rxh6 32. Rd6 Rh3+ 33. Kf2 Rh2+ 34.
Kg3 Rb2 35. Kf3 Nc5 36. Ne8+ Kf8 37. Nf6 Nc4 38. Rc6 Nd2+ 39. Kg4 Nce4 40. Rc8+ Kg7 41. Ne8+ Kh6 42. Nc7 f5+ 43. Kh4 Nf3+ 44. Kh3 Rh2# 0-1

[Event "*** Titled Tuesday Blitz"]
[Site "Chess.com"]
[Date "2021.04.20"]
[Round "5"]
[White "DrCeltic"]
[Black "pirulillo"]
[Result "1-0"]
[WhiteElo "2496"]
[BlackElo "2224"]
[TimeControl "180+1"]
[EndTime "10:55:07 PDT"]
[Termination "DrCeltic won by resignation"]

1. e4 c5 2. Nf3 e6 3. d4 cxd4 4.
Nxd4 Nf6 5. Bd3 Nc6 6. Nb3 d5 7.
exd5 exd5 8. O-O Be7 9. Nc3 O-O 10. Bg5 Be6 11. Ne2 Ne4 12. Bxe7 Qxe7 13. Nbd4 Rad8 14.
c3 Ne5 15. Ng3 Nc5 16. Bxh7+ Kxh7 17. Qh5+ Kg8 18. Qxe5 Rfe8 19. Rad1 f6 20. Qf4 Qd7 21. h3 Bf7 22. Qf3 Bg6 23. h4 Ne4 24. Ngf5 Re5 25. Ne3 Bh5 26. g4 Bg6 27. Ndf5 Qf7 28. c4 d4 29.
Rxd4 Rxd4 30. Nxd4 Nc5 31. Ndf5 Bxf5 32. Nxf5 Qxc4 33.
Rd1 Re8 34. h5 Re4 35. Ne3 Qf7 36. Qf5 Re8 37. Qxc5 Qe6 38. Qd5 Qxd5 39. Rxd5 Re4 40.
Kg2 Rb4 41. b3 Rb6 42. Kf3 Kh7 43. Ke4 a5 44. Rxa5 Rc6 45. Rd5 1-0

[Event "*** Titled Tuesday Blitz"]
[Site "Chess.com"]
[Date "2021.04.20"]
[Round "5"]
[White "Mikhal867"]
[Black "OlegKrivonosov"]
[Result "0-1"]
[WhiteElo "2442"]
[BlackElo "2627"]
[TimeControl "180+1"]
[EndTime "10:55:08 PDT"]
[Termination "OlegKrivonosov won by resignation"]

1. c4 e6 2. g3 d5 3. Bg2 Nf6 4. Nf3 Be7 5. b3 O-O 6. O-O b6 7. Bb2 Bb7 8. e3 c5 9. d4 dxc4 10. bxc4 Nc6 11. Ne5 Rc8 12. Qb3 Na5 13. Bxb7 Nxb3 14.
axb3 Qc7 15. Bxc8 Rxc8 16. Nc3 Qb7 17. Ra4 a5 18. Nb5 Nd7 19. Nxd7 Qxd7 20. Rd1 cxd4 21. Rxd4 Qb7 22. Rg4 f6 23. Ra1 Rd8 24. Rd4 Rxd4 25. Nxd4 Qe4 26. Rd1 Bc5 27. Rc1 e5 28. Nb5 h5 29.
Ba3 h4 30. gxh4 Qg4+ 31. Kf1 Qxh4 32. Bxc5 bxc5 33. Kg2 Qe4+ 34. Kg1 Qg6+ 35. Kf1 Qd3+ 36. Kg2 Qxb3 37. Nd6 a4 38. Nb5 a3 39. Rc3 Qb4 40.
Rxa3 Qxc4 41. Ra8+ Kh7 42. Rb8 Qe4+ 43. Kg3 Qb1 44.
Rb7 c4 45. Nd6 Qg1+ 46. Kh3 Qxf2 47. Rc7 Qxe3+ 48. Kg2 Qd2+ 49. Kg3 Qxd6 50. Rxc4 Qd3+ 51.
Kg4 Qxc4+ 52. Kf5 Qf4+ 53. Ke6 Qxh2 0-1

[Event "*** Titled Tuesday Blitz"]
[Site "Chess.com"]
[Date "2021.04.20"]
[Round "5"]
[White "fabianvivasz"]
[Black "Vesper2018"]
[Result "1-0"]
[WhiteElo "2348"]
[BlackElo "2519"]
[TimeControl "180+1"]
[EndTime "10:55:08 PDT"]
[Termination "fabianvivasz won by resignation"]

1. c4 e5 2. Nc3 d6 3. Nf3 Nc6 4. d4 exd4 5. Nxd4 Nf6 6. g3 Be7 7. Bg2 Ne5 8. f4 Ng6 9. e4 h5 10. h3 O-O 11. Be3 c6 12. Qc2 Qa5 13. O-O-O Bd7 14. Nf5 Qb4 15. Qa4 a5 16. a3 b5 17.
Nxe7+ Nxe7 18. axb4 bxa4 19. Nxa4 axb4 20. Nb6 Ra1+ 21. Kc2 Rxd1 22. Rxd1 Nc8 23. Nxd7 Nxd7 24. e5 Re8 25. Bxc6 Re7 26. Bxd7 Rxd7 27. Bc5 b3+ 28. Kxb3 Rb7+ 29. Kc3 f6 30. exd6 Rd7 31. Bb4 Kf7 32. c5 Na7 33. Kc4 Nc6 34. Bc3 Nb8 35. b4 Ra7 36. b5 Ke6 37. Re1+ Kf5 38. c6 Ra4+ 39. Kd5 Ra7 40. g4+ hxg4 41. hxg4+ Kxf4 42. c7 Nd7 43. Kc6 Ra3 44. Kxd7 Rxc3 45. c8=Q Rxc8 46.
Kxc8 Kxg4 47. d7 f5 48. d8=Q 1-0

[Event "*** Titled Tuesday Blitz"]
[Site "Chess.com"]
[Date "2021.04.20"]
[Round "5"]
[White "JoachimMouhamad"]
[Black "vovachesss"]
[Result "0-1"]
[WhiteElo "2457"]
[BlackElo "2694"]
[TimeControl "180+1"]
[EndTime "10:55:09 PDT"]
[Termination "vovachesss won on time"]

1. e4 e5 2. Nf3 d6 3. d4 Nd7 4.
Nc3 Be7 5. Bc4 c6 6. O-O Ngf6 7. a4 O-O 8. Re1 b6 9. h3 Bb7 10. Ba2 a6 11. Be3 b5 12. axb5 axb5 13. b4 Qc7 14.
Rb1 Ra3 15. Rb3 Rfa8 16. Qb1 Nb6 17. Rxa3 Rxa3 18. dxe5 dxe5 19. Qb2 Ra8 20. Bxb6 Qxb6 21. Nxe5 c5 22. bxc5 Bxc5 23. Re2 Bd4 24. Nxf7 Bxc3 25. Qxc3 Rxa2 26. Qb3 Ra1+ 27. Kh2 Kf8 28. Ng5 Qc7+ 29. e5 Bd5 30. Qb2 Ra2 31. Qb4+ Kg8 32. f4 h6 33. exf6 hxg5 34. Re8+ Kh7 35. fxg7 Qxf4+ 36. Qxf4 gxf4 37. Re5 Bc4 38. Rg5 Kg8 39. h4 Rxc2 40.
Kh3 b4 41. h5 b3 42. h6 b2 43. h7+ Kxh7 0-1

[Event "*** Titled Tuesday Blitz"]
[Site "Chess.com"]
[Date "2021.04.20"]
[Round "5"]
[White "korkmaz16"]
[Black "FMJoseHerrera"]
[Result "1-0"]
[WhiteElo "2462"]
[BlackElo "2619"]
[TimeControl "180+1"]
[EndTime "10:55:10 PDT"]
[Termination "korkmaz16 won on time"]

1. e4 c5 2. Nc3 e6 3. f4 a6 4. Nf3 Qc7 5. d3 b6 6. g3 Bb7 7. Bg2 d6 8. O-O Nd7 9. Be3 Ngf6 10. e5 Ng4 11. exd6 Bxd6 12. Bd2 O-O 13. Ne4 Be7 14. h3 Ngf6 15. Qe2 Rfe8 16. g4 Nd5 17. c4 Nb4 18. Bxb4 cxb4 19. d4 Bxe4 20. Qxe4 Qxc4 21. Ne5 Qb5 22. f5 Nf6 23. Qf4 Nd5 24. Qf3 Bf6 25.
fxe6 fxe6 26. g5 Bxe5 27. Qf7+ Kh8 28. dxe5 Qc5+ 29. Kh1 Qe3 30. Rae1 Qxg5 31. Bxd5 exd5 32. e6 Qg3 33. e7 Qxh3+ 34. Kg1 Qg4+ 35. Kh2 h6 36.
Rf4 Qd7 37. Rf6 Qg4 38. Rf4 Qg5 39. Re6 Kh7 40. Kh3 d4 41. Rg4 1-0

[Event "*** Titled Tuesday Blitz"]
[Site "Chess.com"]
[Date "2021.04.20"]
[Round "5"]
[White "exoticprincess"]
[Black "elcandado"]
[Result "1-0"]
[WhiteElo "2923"]
[BlackElo "2643"]
[TimeControl "180+1"]
[EndTime "10:55:11 PDT"]
[Termination "exoticprincess won by checkmate"]

1. d4 Nf6 2. Nc3 d6 3. e4 e5 4. Nf3 Nbd7 5. Bc4 Be7 6. a4 O-O 7. a5 c6 8. O-O exd4 9. Nxd4 Nxe4 10. Nxe4 d5 11. Bxd5 cxd5 12. Nc3 Nf6 13. a6 h6 14. Re1 Re8 15. h3 bxa6 16. Nc6 Qd6 17. Nxe7+ Rxe7 18. Rxe7 Qxe7 19. Be3 Bb7 20. Bd4 Ne4 21. Ne2 Qg5 22. Ra3 Re8 23. Re3 Re6 24. f3 Ng3 25. Rxe6 fxe6 26. Nxg3 Qxg3 27. Qe2 Kf7 28. Qe3 Qg5 29.
Qc3 Qc1+ 30. Kf2 Qg5 31. Be5 a5 32. Qd4 Qe7 33. Bxg7 Kg6 34. Be5 Ba6 35. Qg4+ Kh7 36.
Qd4 Kg6 37. g4 Kh7 38. Kg3 Qd7 39. h4 Qf7 40. h5 Be2 41. Qe3 Bc4 42. b3 Bb5 43. Qd4 Ba6 44. f4 Bb5 45. Qc5 Be2 46. Qc8 Bd1 47. Qh8# 1-0

[Event "*** Titled Tuesday Blitz"]
[Site "Chess.com"]
[Date "2021.04.20"]
[Round "5"]
[White "Pelopidass"]
[Black "ChristopherYoo"]
[Result "0-1"]
[WhiteElo "2559"]
[BlackElo "2875"]
[TimeControl "180+1"]
[EndTime "10:55:11 PDT"]
[Termination "ChristopherYoo won by resignation"]

1. d4 Nf6 2. Nf3 g6 3. g3 Bg7 4.
Bg2 O-O 5. O-O d6 6. c4 c6 7. Nc3 Bf5 8. Nh4 Bg4 9. h3 Bd7 10. e4 e5 11. dxe5 dxe5 12. b3 Na6 13. Ba3 Re8 14. Qc2 Bf8 15. Bxf8 Rxf8 16. Rad1 Qe7 17. f4 exf4 18. gxf4 Nc5 19. Qf2 Rad8 20. e5 Nh5 21.
f5 Qxe5 22. Nd5 cxd5 23. Rxd5 Qg3 24. Rxc5 b6 25. Rd5 g5 26. f6 h6 27. Qxg3 Nxg3 28.
Rfd1 Ne2+ 29. Kf1 Nc3 30. Rxd7 Nxd1 31. Rxd8 Rxd8 32. Nf5 Kf8 33. Nxh6 Ne3+ 34. Kf2 Nxg2 35. Kxg2 Rd2+ 36. Kf3 Rxa2 37. Nf5 a5 38. Kg4 Rg2+ 39. Kh5 Rg1 40. Nd4 Rg3 41. Kh6 Rxh3+ 42. Kxg5 Rd3 43. Nb5 Rxb3 44. Nd6 a4 45. Nf5 a3 46. Kh6 a2 47.
Kh7 Rh3+ 48. Nh6 a1=B 49. c5 bxc5 0-1

[Event "*** Titled Tuesday Blitz"]
[Site "Chess.com"]
[Date "2021.04.20"]
[Round "5"]
[White "jucAxx"]
[Black "GMJustin"]
[Result "1/2-1/2"]
[WhiteElo "2127"]
[BlackElo "2305"]
[TimeControl "180+1"]
[EndTime "10:55:11 PDT"]
[Termination "Game drawn by agreement"]

1. e4 c5 2. c3 Nf6 3. e5 Nd5 4. d4 cxd4 5. Nf3 e6 6. cxd4 b6 7. Nc3 Nxc3 8. bxc3 Qc7 9. Bd2 d6 10. Bd3 Nd7 11. exd6 Bxd6 12. O-O Bb7 13. h3 O-O 14. Ng5 Nf6 15. Qe2 h6 16. Ne4 Nxe4 17. Bxe4 Bxe4 18. Qxe4 Rac8 19. f4 Qc6 20. Qd3 Qd5 21. f5 e5 22. f6 exd4 23. fxg7 Kxg7 24. cxd4 f5 25. Bf4 Rcd8 26. Qg3+ Kh7 27. Rae1 Qxd4+ 28. Kh1 Bxf4 29. Re7+ Kh8 30. Rxf4 Qa1+ 31. Kh2 Rg8 32. Qh4 Rd6 33. Rxf5 Rdg6 34. Rf2 Qc3 35. Ref7 Qe5+ 36. g3 Qxg3+ 37. Qxg3 Rxg3 38. R7f6 R3g6 39. Rf7 R8g7 40. Rf8+ Kh7 41. R8f7 Rxf7 42. Rxf7+ Rg7 43. Rf2 a5 44. Rb2 Rb7 1/2-1/2

[Event "*** Titled Tuesday Blitz"]
[Site "Chess.com"]
[Date "2021.04.20"]
[Round "5"]
[White "Joseacorrea"]
[Black "Kaslask"]
[Result "1-0"]
[WhiteElo "2073"]
[BlackElo "2283"]
[TimeControl "180+1"]
[EndTime "10:55:11 PDT"]
[Termination "Joseacorrea won on time"]

1. d4 Nf6 2. e3 e6 3. Bd3 c5 4. f4 b6 5. Qe2 Bb7 6. Nf3 Nc6 7. c3 cxd4 8. exd4 Qc7 9. O-O Bd6 10.
Ne5 Nd5 11. Nd2 Nxf4 12. Rxf4 Nxe5 13. dxe5 Bxe5 14. Rh4 h5 15. Nf3 Bf6 16. Rc4 Qd6 17. Bg5 Ba6 18. Bxf6 Bxc4 19. Qe4 Rc8 20. Bxc4 gxf6 21.
Bd3 Rg8 22. Re1 Ke7 23. Nd4 Qc5 24. Kh1 Kf8 25. Qh4 Qg5 26. Qxg5 Rxg5 27. g3 d5 28. Nb5 a6 29. Na3 b5 30. Nc2 Ke7 31. Nd4 h4 32. Nf3 Rh5 33. Nxh4 Rg8 34. Be2 Rhg5 35. Nf3 R5g7 36.
Bf1 Kd6 37. Bg2 f5 38. Nd4 f4 39. Re2 fxg3 40. hxg3 Rxg3 41. Kh2 R3g4 42. Nf3 1-0

[Event "*** Titled Tuesday Blitz"]
[Site "Chess.com"]
[Date "2021.04.20"]
[Round "5"]
[White "losersgame"]
[Black "buhomurciano"]
[Result "1-0"]
[WhiteElo "2346"]
[BlackElo "2196"]
[TimeControl "180+1"]
[EndTime "10:55:12 PDT"]
[Termination "losersgame won on time"]

1. d4 Nf6 2. c4 d6 3. Nc3 e5 4. d5 a5 5. e4 Na6 6. Bd3 Nc5 7. Bc2 Be7 8. Nge2 O-O 9. h3 c6 10. Be3 cxd5 11. exd5 b6 12. Qd2 a4 13. g4 Re8 14.
Ng3 Ba6 15. b3 axb3 16. axb3 Bb7 17. O-O Rxa1 18. Rxa1 Nfd7 19. g5 g6 20. h4 f5 21.
gxf6 Nxf6 22. h5 gxh5 23. Kh1 Kh8 24. Rg1 Rg8 25. b4 Ncd7 26. Bf5 Nf8 27. Nce4 Bc8 28.
Nxf6 Bxf6 29. Qe2 Qe7 30. Qxh5 Bxf5 31. Nxf5 Rxg1+ 32. Kxg1 Qd7 33. Bh6 Ng6 34. Be3 Qf7 35.
Bxb6 Qg8 36. Kf1 Nf4 37. Qh6 Qg2+ 38. Ke1 Qe4+ 39. Kf1 Qg2+ 40. Ke1 Qe4+ 41. Be3 Qb1+ 42. Kd2 Qd3+ 43. Kc1 Ne2+ 44. Kb2 Qc3+ 45. Kb1 Qxb4+ 46. Kc2 1-0

[Event "*** Titled Tuesday Blitz"]
[Site "Chess.com"]
[Date "2021.04.20"]
[Round "5"]
[White "Sibelephant"]
[Black "Vanina1989"]
[Result "1-0"]
[WhiteElo "3097"]
[BlackElo "2785"]
[TimeControl "180+1"]
[EndTime "10:55:13 PDT"]
[Termination "Sibelephant won by resignation"]

1. d4 d5 2. Nf3 Nf6 3. Bg5 c5 4.
e3 Nc6 5. Nbd2 cxd4 6. exd4 Bf5 7. c3 e6 8. Qb3 Qc7 9. Bh4 Bd6 10. Bg3 O-O 11. Be2 Ne4 12. O-O Nxg3 13. hxg3 h6 14. Rfe1 Rfe8 15. Nf1 Be4 16. N3d2 Bg6 17. Qd1 e5 18.
dxe5 Bxe5 19. Nf3 Rad8 20. Bd3 Be4 21. Bb5 Bf6 22. N1d2 Qb6 23. Qb3 Re7 24. Bxc6 bxc6 25. Qxb6 axb6 26. Nd4 Rc8 27. Nxe4 dxe4 28. Nf5 Re6 29.
Rad1 Re5 30. Nd6 Rd8 31. Nc4 Rxd1 32. Rxd1 Rb5 33. Rd6 Rc5 34. Nxb6 e3 35. fxe3 Be5 36. Rd8+ Kh7 37. Nd7 Rd5 38. Nf8+ Kg8 39. Ne6+ Kh7 40.
Rxd5 cxd5 41. Nf4 g5 42. Nxd5 Bxg3 43. a4 Kg6 44. a5 Bb8 45. a6 Ba7 46. Kf2 Kf5 47.
Ne7+ Ke4 48. Nc6 Bxe3+ 49. Ke2 1-0

[Event "*** Titled Tuesday Blitz"]
[Site "Chess.com"]
[Date "2021.04.20"]
[Round "5"]
[White "DamianoLew95"]
[Black "anon102030"]
[Result "0-1"]
[WhiteElo "2514"]
[BlackElo "2731"]
[TimeControl "180+1"]
[EndTime "10:55:13 PDT"]
[Termination "anon102030 won on time"]

1. d4 Nf6 2. Bf4 d6 3. e3 g6 4. Nd2 Bg7 5. h4 h6 6. Ngf3 Nc6 7. c3 O-O 8. e4 e5 9. dxe5 Nh5 10. Be3 Nxe5 11.
Nxe5 dxe5 12. Be2 Nf4 13. Bxf4 exf4 14. Nb3 Qe7 15. f3 Be6 16. Qd2 Be5 17. O-O-O c5 18. Na5 Qc7 19. Nc4 Rfd8 20. Qc2 Bf6 21. Rxd8+ Rxd8 22. h5 g5 23. Rd1 b5 24. Na3 a6 25. Kb1 Kf8 26. Rxd8+ Qxd8 27. Qd3 Qb6 28. Nc2 Kg7 29. Qd1 b4 30. c4 b3 31. axb3 Qxb3 32. Qc1 a5 33.
Na1 Qb8 34. Ka2 a4 35. Qc2 Qb4 36. Bd3 Bd4 37. b3 Bxa1 38. Kxa1 axb3 39. Qb2+ f6 40. Kb1 Bxc4 41. Bxc4 Qxc4 42. Qd2 Qa4 43. e5 Qa2+ 0-1

[Event "*** Titled Tuesday Blitz"]
[Site "Chess.com"]
[Date "2021.04.20"]
[Round "5"]
[White "FMalexhdez"]
[Black "VinzentSpitzl"]
[Result "1-0"]
[WhiteElo "2236"]
[BlackElo "2419"]
[TimeControl "180+1"]
[EndTime "10:55:13 PDT"]
[Termination "FMalexhdez won on time"]

1. e4 c5 2. Nf3 d6 3. d4 cxd4 4. Nxd4 Nf6 5. Nc3 a6 6. h3 e5 7. Nde2 h5 8. Bg5 Be6 9. Nd5 Nbd7 10. Nec3 Rc8 11. Be2 b5 12. O-O b4 13. Nxb4 Qa5 14. Nxa6 Rc6 15. b4 Qb6 16. Nd5 Qa7 17. b5 Rc8 18.
Be3 Qb7 19. c4 Nxe4 20. Bf3 Bxd5 21. Qxd5 Qxd5 22. cxd5 f5 23. b6 Be7 24. b7 Rd8 25. Bxe4 fxe4 26. Rab1 Kf7 27. Ba7 g5 28. b8=Q Nxb8 29.
Nxb8 Bf6 30. Rb7+ Kg6 31. Nc6 Rde8 32. Rd7 g4 33. Rxd6 Kf5 34. Be3 gxh3 35. gxh3 Rhg8+ 36. Kh2 Ra8 37. Rg1 Rxg1 38. Kxg1 Rxa2 39. Nd8 Be7 40. Rd7 Bg5 41. Bxg5 Kxg5 42. Re7 Kf4 43. Nf7 Rd2 44. Rxe5 1-0

[Event "*** Titled Tuesday Blitz"]
[Site "Chess.com"]
[Date "2021.04.20"]
[Round "5"]
[White "GrigoriyM2001"]
[Black "Matensien"]
[Result "0-1"]
[WhiteElo "2563"]
[BlackElo "2386"]
[TimeControl "180+1"]
[EndTime "10:55:14 PDT"]
[Termination "Matensien won on time"]

1. d4 Nf6 2. c4 g6 3. Nc3 Bg7 4. g3 O-O 5. Bg2 Nc6 6. Nf3 d6 7. d5 Na5 8. Nd2 c6 9. b4 Nxd5 10. cxd5 Bxc3 11. Rb1 Nc4 12. dxc6 bxc6 13. Bxc6 Rb8 14.
O-O Ne5 15. Bg2 Rxb4 16. Rxb4 Bxb4 17. Nb3 Be6 18. Bh6 Re8 19. Qd4 Qb6 20. Qa1 f6 21.
Be3 Qa6 22. Nd4 Bf7 23. h3 Rc8 24. Rc1 Rxc1+ 25. Qxc1 Qxa2 26. Qc8+ Kg7 27. Qc7 d5 28.
Qc8 Qc4 29. Ne6+ Bxe6 30. Qxe6 Qc6 31. Bxd5 Qxe6 32. Bxe6 a5 33. Bd5 a4 34. Bd4 Nd7 35. e4 Bc5 36. Ba1 Nb6 37. Bc6 a3 38. Bb5 e5 39. Kf1 Bd4 40. Bxd4 exd4 0-1

[Event "*** Titled Tuesday Blitz"]
[Site "Chess.com"]
[Date "2021.04.20"]
[Round "5"]
[White "kai_nov"]
[Black "Aslanov_Umid"]
[Result "0-1"]
[WhiteElo "2314"]
[BlackElo "2459"]
[TimeControl "180+1"]
[EndTime "10:55:15 PDT"]
[Termination "Aslanov_Umid won on time"]

1. d4 d5 2. c4 e6 3. Nc3 c6 4.
Bf4 Nf6 5. e3 Be7 6. Nf3 O-O 7.
Bd3 Nbd7 8. O-O dxc4 9. Bxc4 b5 10. Bd3 Bb7 11. e4 a6 12. e5 Nd5 13. Nxd5 exd5 14.
Qc2 h6 15. Rad1 c5 16. dxc5 Nxc5 17. Bf5 Ne6 18. Be3 Rc8 19. Qd3 Bc5 20. Nd4 Bxd4 21. Bxd4 Qg5 22. Bxe6 fxe6 23. g3 Rc4 24. b3 Rc7 25. f4 Qg4 26. b4 Rcf7 27. Qe3 h5 28.
Bc5 Rd8 29. Qf3 Qg6 30. Qe2 h4 31. Rd3 d4 32. g4 Be4 33. Rxd4 Rxd4 34. Bxd4 Bd3 35.
Qf3 Bxf1 36. Kxf1 Qb1+ 37. Kg2 Qxa2+ 38. Kh3 Rc7 39. Qa8+ Kf7 40. Qe4 Qd5 41. Qxd5 exd5 42. f5 Rc4 43. e6+ Ke7 0-1

[Event "*** Titled Tuesday Blitz"]
[Site "Chess.com"]
[Date "2021.04.20"]
[Round "5"]
[White "MeekMammoth2"]
[Black "adnan_nn"]
[Result "0-1"]
[WhiteElo "2452"]
[BlackElo "2658"]
[TimeControl "180+1"]
[EndTime "10:55:16 PDT"]
[Termination "adnan_nn won by checkmate"]

1. e4 c5 2. c3 d5 3. exd5 Nf6 4. Bb5+ Nbd7 5. c4 a6 6. Ba4 b5 7. cxb5 Nxd5 8. Nf3 N7b6 9. bxa6+ Nxa4 10. Qxa4+ Bd7 11.
Qc4 e6 12. O-O Bc8 13. Qb5+ Bd7 14. Qc4 Bd6 15. Nc3 O-O 16. Nxd5 exd5 17. Qxd5 Rxa6 18. d4 Bb5 19. Qb3 Bxf1 20. Kxf1 cxd4 21. Nxd4 Bxh2 22.
Be3 Bf4 23. Bxf4 Qxd4 24. Be3 Qh4 25. Kg1 Rg6 26. Qb7 h6 27. a4 Rd8 28. a5 Rgd6 29. Qf3 Qc4 30. a6 Rxa6 31. Rc1 Qb3 32. Qe2 Rad6 33.
Kh2 Rd5 34. Qg4 Qb8+ 35. g3 Qxb2 36. Bxh6 Qxf2+ 37. Kh3 g6 38. Bf4 Rh5+ 39. Qxh5 gxh5 40. Rc7 Qg1 41. Kh4 Rd5 42. g4 Qxg4# 0-1

[Event "*** Titled Tuesday Blitz"]
[Site "Chess.com"]
[Date "2021.04.20"]
[Round "5"]
[White "nikitakhoroshev"]
[Black "gmpeter008"]
[Result "1/2-1/2"]
[WhiteElo "2621"]
[BlackElo "2471"]
[TimeControl "180+1"]
[EndTime "10:55:17 PDT"]
[Termination "Game drawn - insufficient material"]

1. d4 Nf6 2. Nf3 d5 3. Bf4 c5 4. e3 Nc6 5. c3 Bf5 6. Qb3 Qb6 7. dxc5 Qxb3 8. axb3 a5 9. b4 Bxb1 10. Rxb1 axb4 11. Bb5 bxc3 12. bxc3 e6 13. Ne5 Rc8 14. Nxc6 bxc6 15. Ba6 Rd8 16. Bc7 Rd7 17. Rb8+ Ke7 18.
Bd6+ Rxd6 19. cxd6+ Kxd6 20. f3 g6 21. Kd2 Bg7 22.
Rhb1 Rxb8 23. Rxb8 Nd7 24. Rb7 Nc5 25. Ra7 Bf8 26.
Rxf7 Be7 27. Bc8 h5 28. Kc2 h4 29. Rg7 g5 30. Rg6 Ke5 31. g3 Kf5 32. Rh6 hxg3 33. hxg3 g4 34. Bxe6+ Nxe6 35. fxg4+ Ke5 36. Kd3 Bg5 37.
Rg6 Nc5+ 38. Ke2 Ne6 39. Kf3 Bd8 40. Ke2 Ba5 41. Kd3 Nc5+ 42. Kc2 Ne6 43. g5 Bd8 44. Kb3 Bxg5 45. c4 Bxe3 46. cxd5 cxd5 47. Kc3 Bd4+ 48.
Kd3 Nc5+ 49. Ke2 Ke4 50. Rg4+ Ke5 51. Rg5+ Ke6 52. Rg6+ Bf6 53. Rg8 Ne4 54. g4 Ke5 55. Kd3 Kf4 56. Rg6 Ke5 57. Ke3 Bg5+ 58. Kd3 Nc5+ 59. Ke2 Ne6 60. Rg8 Kf4 61. Re8 Nd4+ 62. Kd3 Nf3 63. Rf8+ Kxg4 64. Rxf3 Kxf3 65. Kd4 Bf4 66.
Kxd5 1/2-1/2

[Event "*** Titled Tuesday Blitz"]
[Site "Chess.com"]
[Date "2021.04.20"]
[Round "5"]
[White "szachuspl"]
[Black "McCarthyStone"]
[Result "0-1"]
[WhiteElo "2537"]
[BlackElo "2383"]
[TimeControl "180+1"]
[EndTime "10:55:18 PDT"]
[Termination "McCarthyStone won by resignation"]

1. d4 d5 2. c4 Nc6 3. Nf3 Bg4 4. cxd5 Bxf3 5. gxf3 Qxd5 6. e3 e5 7. Nc3 Bb4 8. a3 Bxc3+ 9. bxc3 Nge7 10. Bg2 Qd6 11. O-O O-O 12. a4 Rfd8 13. Ba3 Qg6 14. Kh1 Nf5 15.
Rg1 Nh4 16. Qb1 Qxb1 17. Raxb1 Nxg2 18. Kxg2 b6 19. Rgd1 Na5 20. e4 Nc4 21. Bc1 Rd7 22. f4 exd4 23. cxd4 Rad8 24. Be3 c5 25. d5 Re8 26.
Kf3 f6 27. Rb3 Rde7 28. Bc1 Rxe4 29. d6 R4e6 30. d7 Rd8 31. Rbd3 Kf7 32. Rc3 Nd6 33. a5 Nf5 34. a6 Nd4+ 35. Kg2 Rxd7 36. Be3 Red6 37.
Rcd3 Ke7 38. f5 Nxf5 39. Rxd6 Rxd6 40. Re1 Nxe3+ 41. Rxe3+ Re6 42. Rd3 c4 43. Rc3 b5 44.
Kf3 Rxa6 45. Ke4 Rd6 46. Ra3 a6 47. Ra1 Ke6 48. f4 f5+ 49. Ke3 Rc6 50. Kd4 c3 51.
Re1+ Kf6 52. Rc1 c2 53. Kd5 Rc8 0-1